 Dungeon Crawl Stone Soup version 0.29.1-13-g9f3cf754e1 (webtiles) character file.

Game seed: 16632182159328456218

2082 hbarley the Cleaver (level 9, 0/77 HPs)
             Began as a Hill Orc Fighter on Feb 2, 2023.
             Succumbed to a water moccasin's poison
             ... on level 6 of the Dungeon.
             The game lasted 00:12:54 (5474 turns).

hbarley the Cleaver (Hill Orc Fighter)              Turns: 5474, Time: 00:12:55

Health: 0/77       AC: 15    Str: 21    XL:     9   Next: 27%
Magic:  9/9        EV: 10    Int:  8    God:
Gold:   286        SH:  5    Dex: 12    Spells: 8/8 levels left

rFire   . . .      SeeInvis .   a - +0 war axe
rCold   . . .      Faith    .   c - +0 buckler
rNeg    + . .      Spirit   .   k - +3 scale mail {rN+}
rPois   .          Reflect  .   t - +0 helmet
rElec   .          Harm     .   (no cloak)
rCorr   .          Rampage  .   e - +2 pair of gloves
Will    .....                   (no boots)
Stlth   +.........              (no amulet)
HPRegen 0.22/turn               (no ring)
MPRegen 0.11/turn               (no ring)

@: lethally poisoned (0 -> -3)
A: no striking features
a: no special abilities


You were on level 6 of the Dungeon.
You visited 1 branch of the dungeon, and saw 6 of its levels.
You also visited: Ossuary.

You collected 286 gold pieces.

Inventory:

Hand Weapons
 a - a +0 war axe (weapon)
Missiles
 h - 3 poisoned darts (quivered)
Armour
 b - a +0 scale mail
 c - a +0 buckler (worn)
 e - a +2 pair of gloves (worn)
 k - a +3 scale mail of positive energy (worn)
 p - the +0 pair of gloves of Impatience {Harm rN+}
   (You found it on level 2 of the Dungeon)

   rN:        It protects you from negative energy.
   Harm:      It increases damage dealt and taken.
 t - a +0 helmet (worn)
Scrolls
 d - 2 scrolls of teleportation {unknown}
 f - 3 scrolls of blinking
 i - 2 scrolls of identify
 q - 4 scrolls of fear {unknown}
 u - a scroll of butterflies {unknown}
 v - 2 scrolls of poison {unknown}
 w - 3 scrolls of magic mapping {unknown}
 y - 2 scrolls of amnesia {unknown}
 z - 2 scrolls of noise {unknown}
 A - 2 scrolls of brand weapon {unknown}
Potions
 g - 5 potions of brilliance
 j - a potion of invisibility {unknown}
 l - 2 potions of flight {unknown}
 m - 3 potions of haste
 n - 3 potions of heal wounds {unknown}
 o - 2 potions of attraction
 r - a potion of degeneration {unknown}
 s - a potion of cancellation {unknown}
 x - a potion of berserk rage {unknown}
 B - a potion of resistance {unknown}
 C - 2 potions of might
 D - a potion of ambrosia {unknown}
 E - a potion of mutation {unknown}


   Skills:
 + Level 6.3 Fighting
 + Level 10.7 Axes
 + Level 6.4 Armour
 + Level 2.5 Dodging
 + Level 2.1 Stealth
 + Level 5.4 Shields


You had 8 spell levels left.
You didn't know any spells.
Your spell library contained the following spells:

 Spells                   Type           Power      Damage    Failure   Level
 Dazzling Flash           Conj/Hex       0%         N/A       99%         3
 Frozen Ramparts          Ice            0%         1d1       99%         3
 Ozocubu's Armour         Ice            0%         N/A       99%         3
 Ice Form                 Ice/Tmut       0%         N/A       100%        4
 Iskenderun's Mystic Bla  Conj/Tloc      0%         2d3       100%        4
 Summon Ice Beast         Ice/Summ       0%         N/A       100%        4
 Starburst                Conj/Fire      0%         6d3       100%        6
 Ozocubu's Refrigeration  Ice            0%         4d7       100%        7


Dungeon Overview and Level Annotations

Branches:
Dungeon (6/15)            Ossuary (visited)
 Temple: D:4-7

Altars:
Ashenzari
Fedhas
Gozag
Kikubaaqudgha
Qazlal
Wu Jian

Shops:
D:5 (

Annotations:
D:4 2 runed translucent doors, AverageBear's ghost, amateur DsFi


Message History

You completely miss the water moccasin.
The water moccasin is severely wounded.
The water moccasin bites you but does no damage.
You hit the water moccasin but do no damage.
The water moccasin is severely wounded.
You block the water moccasin's attack. x2
You barely miss the water moccasin.
The water moccasin is severely wounded.
The water moccasin bites you.
* * * LOW HITPOINT WARNING * * *
You are lethally poisoned!
The water moccasin poisons you!
You closely miss the water moccasin.
The water moccasin is severely wounded.
* * * LOW HITPOINT WARNING * * *
You feel very sick. The water moccasin barely misses you.
The water moccasin bites you but does no damage.
You closely miss the water moccasin.
The water moccasin is severely wounded.
* * * LOW HITPOINT WARNING * * *
You feel very sick.
The water moccasin bites you but does no damage.
You barely miss the water moccasin.
The water moccasin is severely wounded.
* * * LOW HITPOINT WARNING * * *
You feel sick. The water moccasin closely misses you.
You block the water moccasin's attack.
You hit the water moccasin.
The water moccasin is almost dead.
* * * LOW HITPOINT WARNING * * *
You feel sick. The water moccasin bites you.
* * * LOW HITPOINT WARNING * * *
You slash the water moccasin!
You kill the water moccasin!
* * * LOW HITPOINT WARNING * * *
You feel sick.
As you read the scroll of identify, it crumbles to dust.
m - 3 potions of haste You die...

.. ...#..#..
#...##..#.##.#
....#...#.#..#
........#.#..#
.#.......#.##.##
.........#..#h.#
#.#.......#.))#..#
...........#†.##..h.
#.#^#......@.##..##.8..8
..............#...######
.........#.....##....
............#####.....
.....#...........##...$..
..##.#...##..#....##.....
.............#.....######
#..........##....#
##..........# .....#


There were no monsters in sight!

Vanquished Creatures
  A troll (D:6)
  Grinder (D:4)
  A wraith (Ossuary)
  A water moccasin (D:6)
  A black bear (D:6)
  An ogre (D:5)
  A phantom (D:4)
  A bullfrog (D:6)
  6 scorpions
  2 necrophages
  A human zombie (Ossuary)
  3 jellies (D:5)
  An orc priest (D:3)
  3 hounds
  Ijyb (D:3)
  5 iguanas
  Terence (D:2)
  3 mummies (Ossuary)
  Robin (D:3)
  5 adders
  2 worms
  A dart slug (D:2)
  13 orcs
  6 ball pythons
  3 endoplasms
  A giant cockroach (D:4)
  17 goblins
  4 hobgoblins
  6 kobolds
  3 quokkas (D:2)
  7 bats
  3 frilled lizards (D:2)
  A gnoll zombie (Ossuary)
  2 goblin zombies (Ossuary)
  3 hobgoblin zombies (Ossuary)
  4 kobold zombies (Ossuary)
  2 rats (D:2)
118 creatures vanquished.

Notes
Turn   | Place    | Note
-------+----------+-------------------------------------------
     0 | D:1      | hbarley the Hill Orc Fighter began the quest for the Orb.
     0 | D:1      | Reached XP level 1. HP: 19/19 MP: 1/1
   146 | D:1      | Reached XP level 2. HP: 19/27 MP: 2/2
   292 | D:1      | Reached skill level 3 in Axes
   646 | D:2      | Reached XP level 3. HP: 31/33 MP: 3/3
   773 | D:2      | Noticed Terence
   782 | D:2      | Killed Terence
   783 | D:2      | Reached XP level 4. HP: 25/40 MP: 4/4
  1054 | D:2      | Reached skill level 4 in Axes
  1289 | D:2      | Found an opulent altar of Gozag.
  1497 | D:2      | Identified the +0 pair of gloves of Impatience {Harm rN+}
  1649 | D:2      | Found a faded altar of an unknown god.
  1852 | D:3      | Found a stormy altar of Qazlal.
  2045 | D:3      | Noticed Ijyb
  2045 | D:3      | Paralysed by Ijyb for 2 turns
  2050 | D:3      | Paralysed by Ijyb for 5 turns
  2059 | D:3      | Killed Ijyb
  2060 | D:3      | Reached XP level 5. HP: 46/46 MP: 5/5
  2212 | D:3      | Noticed Robin
  2246 | D:3      | Killed Robin
  2247 | D:3      | Reached skill level 5 in Axes
  2504 | D:3      | Reached XP level 6. HP: 53/53 MP: 6/6
  3024 | D:4      | Reached skill level 6 in Axes
  3291 | D:4      | Found a large runed translucent door.
  3291 | D:4      | Found a large runed translucent door.
  3292 | D:4      | Noticed AverageBear's ghost (amateur DsFi)
  3327 | D:4      | Noticed Grinder
  3332 | D:4      | Paralysed by Grinder for 5 turns
  3341 | D:4      | Paralysed by Grinder for 5 turns
  3348 | D:4      | Paralysed by Grinder for 2 turns
  3351 | D:4      | Killed Grinder
  3352 | D:4      | Reached skill level 5 in Fighting
  3352 | D:4      | Reached skill level 7 in Axes
  3352 | D:4      | Reached skill level 1 in Dodging
  3352 | D:4      | Reached XP level 7. HP: 38/61 MP: 7/7
  3635 | D:5      | Entered Level 5 of the Dungeon
  3917 | D:5      | Found a broken altar of Ashenzari.
  4039 | D:5      | Found a blossoming altar of Fedhas.
  4042 | D:5      | Found an ancient bone altar of Kikubaaqudgha.
  4088 | D:5      | Reached skill level 5 in Armour
  4090 | D:5      | Reached skill level 8 in Axes
  4090 | D:5      | Reached XP level 8. HP: 7/69 MP: 8/8
  4150 | D:6      | Reached skill level 5 in Shields
  4154 | D:6      | Reached skill level 1 in Stealth
  4470 | D:6      | Found a sand-covered staircase.
  4479 | Ossuary  | Entered an ossuary
  4479 | Ossuary  | Noticed a wraith
  4479 | Ossuary  | Noticed a wraith
  4479 | Ossuary  | Noticed a wraith
  4686 | Ossuary  | Noticed a wraith
  4699 | Ossuary  | Killed a wraith
  4972 | D:6      | Reached skill level 9 in Axes
  5076 | D:5      | Found Gaiwny's Firing Range.
  5103 | D:5      | Found an ornate altar of the Wu Jian Council.
  5426 | D:6      | Noticed a troll
  5434 | D:6      | Reached skill level 10 in Axes
  5441 | D:6      | Killed a troll
  5442 | D:6      | Reached XP level 9. HP: 41/75 MP: 9/9
  5472 | D:6      | HP: 3/75 [poisoned by a water moccasin]
  5473 | D:6      | HP: 1/75 [poisoned by a water moccasin]
  5474 | D:6      | Succumbed to a water moccasin's poison

Illustrated notes

Levels and vault maps discovered:
D:1:      dpeg_arrival_connections, layout_rooms, hex_intersection, st_stairs_7
D:2:      layout_basic, shapermc_ecumenical_altar_mp_vishouse, basic_altar,
          serial_co_window_serial, co_window_of_opportunity_a,
          co_window_of_opportunity_a, co_window_corner_a, co_window_paths_b,
          co_window_paths_b, co_window_paths_c, co_window_broadway_b,
          co_window_corner_b, co_window_of_opportunity_b, co_window_corner_cb,
          co_window_paths_e, glass_columns_a, minmay_bisected, uniq_terence
D:3:      layout_basic, lemuel_tele_altar, minmay_misc_feat_four_crosses,
          uniq_ijyb, uniq_robin
D:4:      layout_cave_pools, ebering_ghost_disaster_area, uniq_grinder
D:5:      layout_gridville, grunt_temple_overflow_growth_and_decay,
          nicolae_wu_jian_immortal_techniques, mainiacjoe_overflow_tiny_flanked,
          nicolae_shop_firing_range
D:6:      layout_cave_pools, lightli_ossuary_entry_decrepit_ruins, serial_glass,
          glass_columns_b, glass_columns_b, glass_columns_c, glass_columns_a,
          nzn_random_ring

Skill      XL: |  1  2  3  4  5  6  7  8 |
---------------+-------------------------+-----
Axes           | 3 4 5 7 8 10 | 10.7
Fighting       | 4 5 6 |  6.3
Armour         | 4 5 6 |  6.4
Shields        | 4 5 |  5.4
Dodging        | 1 2 |  2.5
Stealth        | 2 |  2.1

Action                   |  1- 3 |  4- 6 |  7- 9 || total
-------------------------+-------+-------+-------++-------
Melee: War axe           |    57 |   175 |   174 ||   406
  Use: Scroll            |       |     2 |     2 ||     4
       Potion            |       |     2 |       ||     2
Armor: Scale mail        |    44 |   102 |    73 ||   219
Dodge: Dodged            |    32 |    70 |    80 ||   182
Block: Buckler           |    22 |    43 |    45 ||   110
